 Dungeon Crawl Stone Soup version 0.31.0 (webtiles) character file.

Game seed: 6383642592571655836

117 qw the Shooter (level 5, -8/32 HPs)
             Began as a Gargoyle Hunter on Jan 20, 2024.
             Killed from afar by an orc wizard (10 damage)
             ... with a magic dart
             ... on level 3 of the Dungeon.
             The game lasted 00:00:08 (1706 turns).

qw the Shooter (Gargoyle Hunter)                    Turns: 1706, Time: 00:00:08

Health: -8/32      AC:  8    Str: 14    XL:     5   Next: 1%
Magic:  5/5        EV: 11    Int: 10    God:
Gold:   39         SH:  0    Dex: 15    Spells: 4/4 levels left

rFire   . . .        a - +1 shortbow
rCold   . . .        (shield currently unavailable)
rNeg    + . .        c - +0 leather armour
rPois   inf          (no helmet)
rElec   +            (no cloak)
rCorr   .            g - +0 pair of gloves
SInv    .            (no boots)
Will    .....        (no amulet)
Stlth   ++           (no ring)
HPRegen 0.25/turn    (no ring)
MPRegen 0.09/turn

%: no passive effects
@: no status effects
A: sickness immunity, AC +4, negative energy resistance 1, electricity
resistance, torment resistance 1, petrification resistance
a: no special abilities


You were on level 3 of the Dungeon.
You visited 1 branch of the dungeon, and saw 3 of its levels.

You collected 67 gold pieces.
You spent 28 gold pieces at shops.


Innate Abilities, Weirdness & Mutations

You are immune to sickness and miasma.
Your stone body is resilient. (AC +4)
You are immune to poison.
You resist negative energy. (rN+)
You are resistant to electric shocks. (rElec)
You are resistant to unholy torment.
You are immune to petrification.


   Skills:
 - Level 3.1 Fighting
 + Level 5.7 Ranged Weapons
 - Level 1.5 Dodging
 - Level 1.1 Stealth


You had 4 spell levels left.
You didn't know any spells.
Your spell library was empty.

Inventory:

Hand Weapons
 a - a +1 shortbow (weapon)
Armour
 c - a +0 leather armour (worn)
 g - a +0 pair of gloves (worn)
Wands
 b - a wand of flame (24)
Potions
 d - a potion of mutation
 e - a potion of lignification {unknown}
 f - 3 potions of haste
 h - a potion of curing {unknown}
 i - a potion of resistance {unknown}

Dungeon Overview and Level Annotations

Branches:
Dungeon (3/15)

Altars:
Vehumet

Shops:
D:1 ?

Annotations:
D:2 1 runed translucent door, Crazy Yiuf


Message History

The orc hits you but does no damage. Something hits you but does no damage.
You have reached level 5!
You shoot an arrow. The arrow hits the orc.
The orc is heavily wounded.
The orc closely misses you.
You hear some strange, mumbled words.
A magic dart appears from out of thin air!
The magic dart hits you.
You shoot an arrow. The arrow closely misses the orc.
The orc hits you with a +0 whip. Something completely misses you.
You shoot an arrow. The arrow completely misses the orc.
The orc hits you but does no damage. Something hits you.
You hear some strange, mumbled words.
A puff of flame appears from out of thin air!
The puff of flame hits you! The orc hits you but does no damage.
You shoot an arrow. The arrow hits the orc.
You kill the orc!
Something hits you but does no damage.
1697 ||| FLEEEEING.
You hear some strange, mumbled words.
You are confused.
Things that are here:
a +0 whip; a +0 leather armour; an orc corpse A magic dart appears from out of thin air!
The magic dart hits you. Something hits you.
Things that are here:
a +0 whip; a +0 leather armour; an orc corpse You bump into the rock wall.
Something hits you.
There is an open door here.
You feel less confused.
A magic dart appears from out of thin air!
The magic dart hits you.
An orc wizard appears from thin air!
Reactivating autopickup.
You shoot an arrow. The arrow barely misses the orc wizard.
The orc wizard gestures at you while chanting.
The magic dart hits you!
You die...

### #.# #..
#.##### #.#<..#
#.###@#
.#####'###.#
......))).#o#####
..........'.....#
...)......#.###.#
..........#.###.#
..........#.....#
..###############
..


You could see an orc wizard.

Vanquished Creatures
  3 gnolls (D:2)
  2 adders
  2 ribbon worms (D:2)
  2 dart slugs (D:1)
  3 orcs (D:3)
  4 ball pythons
  7 bats
  An endoplasm (D:1)
  2 giant cockroaches (D:2)
  9 goblins
  4 hobgoblins
  5 quokkas
  3 frilled lizards (D:1)
  5 kobolds
  7 rats
59 creatures vanquished.

Notes
Turn   | Place    | Note
-------+----------+-------------------------------------------
     0 | D:1      | qw the Gargoyle Hunter began the quest for the Orb.
     0 | D:1      | Reached XP level 1. HP: 12/12 MP: 1/1
     0 | D:1      | 0 ||| qw: Version: 0.3-a-132-g3d54051
     0 | D:1      | 0 ||| qw: Game counter: 437
     0 | D:1      | 0 ||| qw: Melee chars always use a shield: true
     0 | D:1      | 0 ||| qw: God list: Okawaru
     0 | D:1      | 0 ||| qw: Allow faded altars: false
     0 | D:1      | 0 ||| qw: Do Orc after clearing Dungeon:15 true
     0 | D:1      | 0 ||| qw: Do second Lair branch before Depths: true
     0 | D:1      | 0 ||| qw: Lair rune preference: random
     0 | D:1      | 0 ||| qw: Goals: Normal
     0 | D:1      | 0 ||| PLANNING D:1-11
   109 | D:1      | Reached XP level 2. HP: 17/17 MP: 2/2
   242 | D:1      | Reached XP level 3. HP: 21/21 MP: 3/3
   249 | D:1      | Reached skill level 5 in Ranged Weapons
   480 | D:1      | Found Uqonent's Magic Scroll Boutique.
   483 | D:1      | 483 ||| SHOPLISTING scroll of enchant armour (105 gold,
                  | have 32).
   483 | D:1      | 483 ||| BUYING scroll of identify (28 gold).
   483 | D:1      | Bought a scroll of identify for 28 gold pieces
   483 | D:1      | 483 ||| SHOPLISTING scroll of identify (28 gold, have 4).
   551 | D:1      | Found a faded altar of an unknown god.
   552 | D:1      | 552 ||| UPGRADING to +0 pair of gloves.
   557 | D:1      | 557 ||| READING 4 scrolls of identify.
   557 | D:1      | 557 ||| IDENTIFYING fizzy blue potion
   558 | D:1      | 558 ||| READING 3 scrolls of identify.
   558 | D:1      | 558 ||| IDENTIFYING viscous dark potion
   559 | D:1      | 559 ||| READING 2 scrolls of identify.
   559 | D:1      | 559 ||| IDENTIFYING golden potion
   560 | D:1      | 560 ||| READING scroll of identify.
   560 | D:1      | 560 ||| IDENTIFYING scroll labelled VUKERI OWINA
   561 | D:1      | 561 ||| READING 2 scrolls labelled BIAKEO ADUJO.
   562 | D:1      | 562 ||| DROPPING scroll of butterflies.
   563 | D:1      | 563 ||| DROPPING scroll of immolation.
   564 | D:1      | 564 ||| DROPPING scroll of poison.
   670 | D:2      | Found a radiant altar of Vehumet.
   760 | D:2      | HP: 3/22 [gnoll/+0 spear (3)]
   761 | D:2      | 761 ||| DRINKING potion of heal wounds.
   770 | D:2      | Reached skill level 3 in Fighting
   773 | D:2      | HP: 5/23 [gnoll/+0 spear (4)]
   774 | D:2      | HP: 2/23 [gnoll/+0 spear (1)]
   778 | D:2      | Reached XP level 4. HP: 3/28 MP: 4/4
   778 | D:2      | 778 ||| FLEEEEING.
   779 | D:2      | 779 ||| FLEEEEING.
   780 | D:2      | 780 ||| FLEEEEING.
   781 | D:2      | 781 ||| FLEEEEING.
   782 | D:2      | 782 ||| FLEEEEING.
   783 | D:2      | 783 ||| FLEEEEING.
   784 | D:2      | 784 ||| FLEEEEING.
   785 | D:2      | 785 ||| FLEEEEING.
   786 | D:2      | 786 ||| FLEEEEING.
   787 | D:2      | 787 ||| FLEEEEING.
   788 | D:2      | 788 ||| FLEEEEING.
   789 | D:2      | 789 ||| FLEEEEING.
   790 | D:2      | 790 ||| FLEEEEING.
   791 | D:2      | 791 ||| FLEEEEING.
   793 | D:2      | 793 ||| FLEEEEING.
   794 | D:2      | 794 ||| FLEEEEING.
   795 | D:2      | 795 ||| FLEEEEING.
   796 | D:2      | 796 ||| FLEEEEING.
   797 | D:2      | 797 ||| FLEEEEING.
   798 | D:2      | 798 ||| FLEEEEING.
   799 | D:2      | 799 ||| FLEEEEING.
   800 | D:2      | 800 ||| FLEEEEING.
   801 | D:2      | 801 ||| FLEEEEING.
   802 | D:2      | 802 ||| FLEEEEING.
   803 | D:2      | 803 ||| FLEEEEING.
   804 | D:2      | 804 ||| FLEEEEING.
   805 | D:2      | 805 ||| FLEEEEING.
   806 | D:2      | 806 ||| FLEEEEING.
   807 | D:2      | 807 ||| FLEEEEING.
   808 | D:2      | 808 ||| FLEEEEING.
   809 | D:2      | 809 ||| FLEEEEING.
   810 | D:2      | 810 ||| FLEEEEING.
   811 | D:2      | 811 ||| FLEEEEING.
   812 | D:2      | 812 ||| FLEEEEING.
   813 | D:2      | 813 ||| FLEEEEING.
   814 | D:2      | 814 ||| FLEEEEING.
   815 | D:2      | 815 ||| FLEEEEING.
   816 | D:2      | 816 ||| FLEEEEING.
   817 | D:2      | 817 ||| FLEEEEING.
   819 | D:2      | 819 ||| FLEEEEING.
   820 | D:2      | 820 ||| FLEEEEING.
   821 | D:2      | 821 ||| FLEEEEING.
   823 | D:2      | 823 ||| FLEEEEING.
   824 | D:2      | 824 ||| FLEEEEING.
   825 | D:2      | 825 ||| FLEEEEING.
   826 | D:2      | 826 ||| FLEEEEING.
   827 | D:2      | 827 ||| FLEEEEING.
   828 | D:2      | 828 ||| FLEEEEING.
   829 | D:2      | 829 ||| FLEEEEING.
   830 | D:2      | 830 ||| FLEEEEING.
   831 | D:2      | 831 ||| FLEEEEING.
   832 | D:2      | 832 ||| FLEEEEING.
   833 | D:2      | 833 ||| FLEEEEING.
   834 | D:2      | 834 ||| FLEEEEING.
   835 | D:2      | 835 ||| FLEEEEING.
   840 | D:2      | 840 ||| STAIRDANCE
   943 | D:2      | Found a runed translucent door.
   944 | D:2      | Noticed Crazy Yiuf
  1311 | D:2      | 1311 ||| FLEEEEING.
  1600 | D:2      | 1600 ||| READING scroll labelled LAGIEW XIAKLO.
  1600 | D:2      | 1600 ||| ENCHANTING +0 shortbow.
  1693 | D:3      | Reached XP level 5. HP: 28/32 MP: 5/5
  1697 | D:3      | 1697 ||| FLEEEEING.
  1699 | D:3      | HP: 7/32 [something (3)]
  1704 | D:3      | HP: 2/32 [something/magic dart (4)]
  1706 | D:3      | Killed from afar by an orc wizard

Levels and vault maps discovered:
D:1:      lemuel_arrival_behind_the_door_small, layout_rooms,
          shapermc_ecumenical_altar_mp_vishouse, serial_shops,
          nicolae_shop_tiny_real_fake_doors
D:2:      layout_loops_ring, basic_altar, kennysheep_generic_room_2,
          uniq_crazy_yiuf_cottage
D:3:      layout_basic, guppyfry_early_orc_mine

Skill      XL: |  1  2  3 |
---------------+----------+-----
Ranged Weapons | 5 |  5.7
Fighting       | 3 |  3.1
Dodging        | |  1.5
Stealth        | |  1.1

Action                     |  1- 3 |  4- 6 || total
---------------------------+-------+-------++-------
   Fire: Shortbow          |   113 |    70 ||   183
    Use: Scroll            |     5 |     1 ||     6
         Potion            |     1 |       ||     1
 Armour: Leather armour    |    33 |    38 ||    71
  Dodge: Dodged            |    26 |    20 ||    46

Table legend:
 A = Non-vault XP
 B = Vault XP
 C = Vault XP percentage of total XP
 D = Non-vault monster count
 E = Vault monster count
 F = Vault count percentage of total count
                 A         B        C        D         E       F
            +---------+---------+-------+---------+---------+-------
      Total |     166 |       2 |   1.2 |      58 |       1 |   1.7
            +---------+---------+-------+---------+---------+-------
        D:1 |      55 |       0 |   0.0 |      33 |       0 |   0.0
        D:2 |      87 |       2 |   2.2 |      20 |       1 |   4.8
        D:3 |      24 |       0 |   0.0 |       5 |       0 |   0.0
            +---------+---------+-------+---------+---------+-------
